 Dungeon Crawl Stone Soup version 0.26-a0-576-gcfaa98f (webtiles) character file.

Game seed: 2376416381990699872

823 Hazorath the Skirmisher (level 8, -2/52 HPs)
             Began as a Kobold Brigand on Aug 22, 2020.
             Slain by a centaur (7 damage)
             ... on level 5 of the Dungeon.
             The game lasted 00:14:03 (3572 turns).

Hazorath the Skirmisher (Kobold Brigand)            Turns: 3572, Time: 00:14:04

Health: -2/52      AC:  3    Str: 16    XL:     8   Next: 17%
Magic:  8/8        EV: 17    Int: 12    God:
Gold:   42         SH:  0    Dex: 17    Spells: 7/7 levels left

rFire    . . .     SeeInvis .   a - +2 dagger
rCold    . . .     Faith    .   (shield restricted)
rNeg     . . .     Spirit   .   r - +0 robe (curse)
rPois    .         Reflect  .   (no helmet)
rElec    .         Harm     .   j - +0 cloak
rCorr    .                      (no gloves)
MR       .....                  (no boots)
Stlth    ++++......             (no amulet)
HPRegen  0.17/turn              q - +6 ring of strength
MPRegen  0.11/turn              (no ring)

@: lethally poisoned (-2 -> -3), marked
A: small, nightstalker 3
a: no special abilities


You were on level 5 of the Dungeon.
You visited 1 branch of the dungeon, and saw 5 of its levels.

You collected 231 gold pieces.
You spent 189 gold pieces at shops.

Inventory:

Hand Weapons
 a - a +2 dagger (weapon)
Missiles
 d - 16 poisoned darts (quivered)
Armour
 b - a +0 robe
 j - a +0 cloak (worn)
 r - a cursed +0 robe (worn)
Jewellery
 i - an uncursed ring of poison resistance
 q - a +6 ring of strength (left hand)
Wands
 e - a wand of random effects (12)
Scrolls
 c - a scroll of magic mapping
 f - 2 scrolls of remove curse
 h - 4 scrolls of teleportation
 k - a scroll of immolation
 l - a scroll of amnesia
 n - a scroll of random uselessness {unknown}
 o - 2 scrolls of identify
 p - a scroll of fear {unknown}
 s - a scroll of summoning
Potions
 g - a potion of stabbing


   Skills:
 * Level 6.3 Fighting
 * Level 5.3 Short Blades
 - Level 5.0 Throwing
 + Level 4.5 Dodging
 - Level 5.3 Stealth


You had 7 spell levels left.
You didn't know any spells.
Your spell library contained the following spells:

 Spells                   Type           Power        Failure   Level
 Magic Dart               Conj           #...         32%         1
 Blink                    Tloc           N/A          45%         2
 Call Imp                 Summ           #.......     45%         2
 Slow                     Hex            #.......     45%         2
 Conjure Flame            Conj/Fire      #.......     69%         3
 Mephitic Cloud           Conj/Pois/Air  #.......     69%         3
 Static Discharge         Conj/Air       #.......     69%         3
 Lightning Bolt           Conj/Air       #.........   100%        5
 Ignition                 Fire           #.........   100%        8
 Shatter                  Erth           #.........   100%        9
 Tornado                  Air            #.........   100%        9


Dungeon Overview and Level Annotations

Branches:
Dungeon (5/15)
 Temple: D:4-7

Altars:
Qazlal
Ru
Yredelemnul

Shops:
D:5 ?

Annotations:
D:3 1 runed translucent door


Innate Abilities, Weirdness & Mutations

You are small and have problems with some larger weapons.
You are completely attuned to the shadows.


Message History

The adder bites you.
You are poisoned.
The adder poisons you! The centaur completely misses you.
You feel sick. The adder bites you but does no damage.
The leopard gecko closely misses you.
Your surroundings suddenly seem different.
A worm comes into view.
You feel sick. The worm bites you!
* * * LOW HITPOINT WARNING * * *
You feel sick.
The centaur wields a +0 shortbow.
The centaur shoots an arrow.
The arrow misses you. The worm closely misses you.
You see here an arrow.
The adder bites you but does no damage. The orc barely misses you.
The centaur unwields a +0 shortbow.
The centaur barely misses you. The orc barely misses you. The centaur hits you.
* * * LOW HITPOINT WARNING * * *
The leopard gecko misses you. The hound completely misses you.
The centaur hits you!
You die...

###.....#............
#....#..###.......#..
.....##.####......#..
.......#........##...##.....
....#...........##...###(#..
....#.##........####..######
#.................#...#
#......w...........##
#...##.(.S@.......##.##
.........olch......#...###
.....≈≈≈≈≈..l.Z..........###
...≈≈≈≈≈≈≈≈≈..............#.
≈≈≈≈≈≈≈≈≈≈≈...##.#.......
≈≈≈≈≈o##..#..#....
≈≈≈≈≈.(#..........
≈≈≈≈≈≈.c#...#.∩.#..
≈≈≈≈≈...≈≈≈≈≈≈ll#..........


You could see a centaur, a worm, a hound, an adder, an orc, a hound zombie and 2
leopard geckos.

Vanquished Creatures
  Sigmund (D:2)
  An ice beast (D:5)
  2 phantoms (D:4)
  A human zombie (D:3)
  An orc priest (D:3)
  A bullfrog skeleton (D:5)
  Jessica (D:2)
  Natasha (D:2)
  Terence (D:2)
  An iguana (D:5)
  A worker ant (D:3)
  7 adders
  6 gnolls (D:2)
  An ooze (D:3)
  2 worms (D:4)
  A leopard gecko (D:4)
  6 orcs (D:3)
  2 giant cockroaches
  5 goblins
  5 hobgoblins
  9 jackals
  A quokka (D:4)
  A ball python (D:4)
  4 bats
  A frilled lizard (D:2)
  3 kobolds
  A rat (D:2)
67 creatures vanquished.

Notes
Turn   | Place    | Note
-------+----------+-------------------------------------------
     0 | D:1      | Hazorath the Kobold Brigand began the quest for the Orb.
     0 | D:1      | Reached XP level 1. HP: 12/12 MP: 1/1
    72 | D:1      | Reached XP level 2. HP: 16/18 MP: 2/2
   174 | D:2      | Noticed Sigmund
   180 | D:2      | Killed Sigmund
   180 | D:2      | Reached skill level 4 in Fighting
   180 | D:2      | Reached XP level 3. HP: 24/24 MP: 3/3
   180 | D:2      | Reached XP level 4. HP: 29/29 MP: 4/4
   180 | D:2      | Reached XP level 5. HP: 33/33 MP: 5/5
   254 | D:2      | Noticed Jessica
   257 | D:2      | Killed Jessica
   257 | D:2      | Reached XP level 6. HP: 39/39 MP: 6/6
   411 | D:2      | Noticed Terence
   417 | D:2      | Killed Terence
   716 | D:2      | Noticed Natasha
   784 | D:2      | Killed Natasha
   784 | D:2      | Reached skill level 5 in Fighting
   784 | D:2      | Reached skill level 5 in Throwing
  1046 | D:3      | Reached XP level 7. HP: 44/44 MP: 7/7
  1154 | D:3      | Found a runed translucent door.
  1154 | D:3      | Noticed a human
  1168 | D:3      | Found a basalt altar of Yredelemnul.
  2093 | D:4      | HP: 2/44 [phantom (3)]
  2540 | D:4      | Found a stormy altar of Qazlal.
  2602 | D:4      | Found a sacrificial altar of Ru.
  2980 | D:5      | Entered Level 5 of the Dungeon
  3008 | D:5      | Reached skill level 6 in Fighting
  3026 | D:5      | Found Eceuph's Magic Scroll Boutique.
  3045 | D:5      | Bought a scroll of identify for 28 gold pieces
  3045 | D:5      | Bought a scroll of identify for 28 gold pieces
  3045 | D:5      | Bought a scroll of summoning for 133 gold pieces
  3096 | D:5      | Reached XP level 8. HP: 30/51 MP: 8/8
  3307 | D:5      | Reached skill level 5 in Short Blades
  3572 | D:5      | Slain by a centaur

Illustrated notes

Levels and vault maps discovered:
D:1:      erik_arrival_blinker_ship, layout_basic, feat_on_display
D:2:      layout_basic, chequers_ecumenical_altar_simple, minmay_pentomino_o2,
          uniq_sigmund, uniq_terence, uniq_jessica, uniq_natasha
D:3:      layout_basic, vehumet_crystals, dk_yredelemnul_ordeal
D:4:      layout_basic, lemuel_crystal_altar, kennysheep_little_box,
          patterned_corridor
D:5:      layout_cave_pools, grunt_temple_overflow_cloverleaf, temple_pool_b,
          serial_shops, nicolae_shop_stone

Skill      XL: |  1  2  3  4  5  6  7  8 |
---------------+-------------------------+-----
Fighting       | 4 5 6 |  6.3
Throwing       | 4 5 |  5.0
Dodging        | 2 3 4 |  4.5
Short Blades   | 3 4 5 |  5.3
Stealth        | |  5.3

Action                   |  1- 3 |  4- 6 |  7- 9 || total
-------------------------+-------+-------+-------++-------
Melee: Dagger            |     8 |    77 |   213 ||   298
Throw: Dart              |     7 |    30 |    17 ||    54
       Throwing net      |       |     1 |       ||     1
  Use: Scroll            |       |       |     6 ||     6
       Potion            |       |       |     3 ||     3
 Stab: Sleeping          |     4 |     6 |     5 ||    15
       Distracted        |       |       |     1 ||     1
Armor: Robe              |       |    11 |    16 ||    27
Dodge: Dodged            |     4 |    45 |   134 ||   183

Table legend: (Time is in decaauts)
 A = Elapsed time spent in this place.
 B = Non-inter-level travel time spent in this place.
 C = Inter-level travel time spent in this place.
 D = Time resting spent in this place.
 E = Time spent auto-exploring this place.
 F = Levels seen in this place.
 G = Mean time per level.
                   A        B        C        D        E       F      G
               +--------+--------+--------+--------+--------+-----+--------+
         Total |   3507 |   3404 |    103 |    113 |   2458 |   5 |  701.4 |
       Dungeon |   3507 |   3404 |    103 |    113 |   2458 |   5 |  701.4 |
               +--------+--------+--------+--------+--------+-----+--------+

Top non-repeatable levels by time:
     D:4: 1427 daAuts
     D:2: 868 daAuts
     D:5: 580 daAuts
     D:3: 512 daAuts
     D:1: 117 daAuts
